 Dungeon Crawl Stone Soup version 0.24.0-123-gd5b16e6ec5 (webtiles) character file.

Game seed: 462255767330539298, levelgen mode: deterministic

1542 Norian the Thaumaturge (level 8, 0/48 HPs)
             Began as a Deep Elf Conjurer on Dec 23, 2019.
             Was an Initiate of Vehumet.
             Killed by nerve-wracking pain
             ... invoked by an orc priest
              (1 damage)
             ... on level 4 of the Dungeon.
             The game lasted 00:07:52 (3732 turns).

Norian the Thaumaturge (Deep Elf Conjurer)          Turns: 3732, Time: 00:07:52

Health: 0/48       AC:  6    Str:  7    XL:     8   Next: 56%
Magic:  16/24      EV: 15    Int: 21    God:    Vehumet [......]
Gold:   144        SH:  0    Dex: 15    Spells: 18/27 levels left

rFire    + . .     SeeInvis .   (no weapon)
rCold    + + .     Gourm    .   (no shield)
rNeg     . . .     Faith    .   k - +2 leather armour {rC+}
rPois    +         Spirit   .   (no helmet)
rElec    +         Reflect  .   o - +0 cloak
rCorr    +         Harm     .   (no gloves)
MR       .....                  (no boots)
Stlth    ++........             (no amulet)
HPRegen  0.16/turn              (no ring)
MPRegen  0.19/turn              (no ring)

@: resistant
A: no striking features
a: Renounce Religion


You were on level 4 of the Dungeon.
You worshipped Vehumet.
Vehumet was noncommittal.
You were hungry.

You visited 1 branch of the dungeon, and saw 4 of its levels.

You collected 144 gold pieces.

Inventory:

Armour
 a - a +0 robe
 g - a +2 shield
 k - a +2 leather armour of cold resistance (worn)
 o - a +0 cloak (worn)
Jewellery
 e - an uncursed amulet of magic regeneration {unknown}
 l - a cursed ring of poison resistance {unknown}
Wands
 m - a wand of polymorph (7)
Scrolls
 n - 3 scrolls of remove curse
 q - a scroll of teleportation
Potions
 j - a potion of curing {unknown}
Comestibles
 c - 7 rations


   Skills:
 - Level 4.3 Fighting
 + Level 4.5 Armour
 - Level 6.9 Dodging
 - Level 2.4 Stealth
 + Level 10.2 Spellcasting
 + Level 9.4 Conjurations
 - Level 5.0 Hexes


You had 18 spell levels left.
You knew the following spells:

 Your Spells              Type           Power        Failure   Level  Hunger
a - Magic Dart            Conj           ####         1%          1    None
b - Iskenderun's Mystic   Conj           ######..     1%          4    ##.....
c - Fulminant Prism       Conj/Hex       #####.....   4%          4    ##.....

Your spell library contained the following spells:

 Spells                   Type           Power        Failure   Level  Hunger
 Searing Ray              Conj           ######       1%          2    None
 Dazzling Spray           Conj/Hex       #####.       1%          3    None
 Force Lance              Conj/Tloc      ####....     13%         4    ##.....


Dungeon Overview and Level Annotations

Branches:
Dungeon (4/15)
 Temple: D:4-7

Altars:
Ashenzari
Okawaru
Ru
Sif Muna
Trog
Vehumet
Wu Jian
Xom
Yredelemnul


Message History

Your Fighting skill gained 4 levels and is now at level 4!
Your Armour skill gained 3 levels and is now at level 4!
Your Dodging skill gained 4 levels and is now at level 6!
Your Spellcasting skill gained 3 levels and is now at level 10!
Your Conjurations skill gained 2 levels and is now at level 9!
You have reached level 8!
You feel clever.
Casting: Magic Dart (safe; 1% risk of failure)
Confirm with . or Enter, or press ? or * to list all spells.
Okay, then.
It was a potion of magic.
Magic courses through your body.
The orc priest calls down the wrath of Beogh upon you.
Beogh smites you!
* * * LOW HITPOINT WARNING * * *
It was a potion of resistance.
You feel protected.
The jackal barks!
The orc priest mumbles some strange prayers to Beogh against you.
Pain shoots through your body!
You die...

...................##...
...#..........<#...##...
...........)........##...
....#........h......#....
.............#......#....
.............#......#....
#.#...........#.........##
..............#...........
##.####..@....#....#######
..... #.......##...#PP^.P#
..#.......#.o#######.).#...P.#
..#......[#..# #...#.P_.^#
...w._......# #.. #P.P.P#
#.......#.## #.^P^P#
#.......#.# ###.### ..... #.#
##.##. ..####.####.# #..##.


You could see an orc priest and a jackal.

Vanquished Creatures
  Sigmund (D:4)
  An ogre (D:4)
  A scorpion (D:2)
  5 orc wizards
  2 orc priests (D:3)
  A bullfrog skeleton (D:4)
  An iguana (D:2)
  A worker ant (D:4)
  A hound skeleton (D:4)
  3 gnolls (D:4)
  6 adders
  4 worms
  5 leopard geckos
  10 orcs
  6 bats
  2 giant cockroaches
  8 hobgoblins
  8 jackals
  15 kobolds
  3 quokkas
  3 ball pythons
  3 frilled lizards
  2 goblins (D:2)
  6 rats
98 creatures vanquished.

Vanquished Creatures (others)
  A fulminant prism (D:4)
1 creature vanquished.

Grand Total: 99 creatures vanquished

Notes
Turn   | Place    | Note
-------+----------+-------------------------------------------
     0 | D:1      | Norian the Deep Elf Conjurer began the quest for the Orb.
     0 | D:1      | Reached XP level 1. HP: 10/10 MP: 6/6
   155 | D:1      | Reached XP level 2. HP: 15/15 MP: 5/8
   879 | D:2      | Reached skill level 4 in Spellcasting
   975 | D:2      | Reached skill level 5 in Conjurations
   975 | D:2      | Reached XP level 3. HP: 16/19 MP: 8/10
  1351 | D:2      | Found a basalt altar of Yredelemnul.
  1401 | D:2      | Reached XP level 4. HP: 22/24 MP: 6/12
  1416 | D:2      | Learned a level 4 spell: Iskenderun's Mystic Blast
  1421 | D:2      | Learned a level 4 spell: Fulminant Prism
  1569 | D:2      | Reached skill level 5 in Spellcasting
  1569 | D:2      | Reached skill level 1 in Hexes
  1739 | D:2      | Reached XP level 5. HP: 27/28 MP: 10/14
  1796 | D:2      | Found an ornate altar of the Wu Jian Council.
  2417 | D:3      | Reached XP level 6. HP: 32/32 MP: 12/16
  2529 | D:3      | Reached skill level 6 in Spellcasting
  2788 | D:3      | Found a bloodstained altar of Trog.
  2820 | D:4      | Noticed Sigmund
  2992 | D:4      | Killed Sigmund
  2992 | D:4      | Reached XP level 7. HP: 28/36 MP: 4/19
  3110 | D:4      | Reached skill level 7 in Spellcasting
  3110 | D:4      | Reached skill level 5 in Hexes
  3386 | D:4      | Found a sacrificial altar of Ru.
  3483 | D:4      | Found a shimmering blue altar of Sif Muna.
  3484 | D:4      | Found a shattered altar of Ashenzari.
  3557 | D:4      | Found an iron altar of Okawaru.
  3584 | D:4      | Found a radiant altar of Vehumet.
  3644 | D:4      | Became a worshipper of Vehumet
  3673 | D:4      | Reached skill level 1 in Armour
  3709 | D:4      | Found a shimmering altar of Xom.
  3730 | D:4      | Reached skill level 10 in Spellcasting
  3730 | D:4      | Reached XP level 8. HP: 13/48 MP: 2/24
  3731 | D:4      | HP: 1/48 [orc priest/divine providence (13)]
  3732 | D:4      | Killed from afar by an orc priest

Levels and vault maps discovered:
D:1:      scummos_arrival_gate, layout_basic
D:2:      layout_loops_ring, marbit_many_paths, lemuel_coloured_pillars_altar
D:3:      layout_rooms, overflow_temple_1_default
D:4:      minmay_polygon_palace, layout_basic, nicolae_overflow_crystal_walls,
          nicolae_ru_the_path_less_chosen, old_standard_altar, led_sif_book,
          lemuel_crystal_altar, lemuel_crystal_altar, lexackson_kobold_supper,
          uniq_sigmund

Skill      XL: |  1  2  3  4  5  6  7 |
---------------+----------------------+-----
Spellcasting   | 4 5 6 10 | 10.2
Conjurations   | 5 6 9 |  9.4
Hexes          | 1 3 4 5 |  5.0
Armour         | 4 |  4.5
Fighting       | 4 |  4.3
Dodging        | 6 |  6.9
Stealth        | |  2.4

Action                   |  1- 3 |  4- 6 |  7- 9 || total
-------------------------+-------+-------+-------++-------
Melee: Unarmed           |     5 |       |     5 ||    10
 Cast: Magic Dart        |    68 |   114 |    64 ||   246
       Iskenderun's Myst |       |     7 |     3 ||    10
       Fulminant Prism   |       |       |     1 ||     1
Evoke: Wand              |       |       |     1 ||     1
  Use: Scroll            |       |       |     3 ||     3
       Potion            |       |       |     3 ||     3
  Eat: Chunk             |     1 |     6 |     2 ||     9
Armor: Robe              |     5 |       |       ||     5
       Leather armour    |       |     2 |     4 ||     6
Dodge: Dodged            |    15 |    17 |    10 ||    42
